 Dungeon Crawl Stone Soup version 0.19.4-8-ga85b6b9 (webtiles) character file.

19043 Wyndlan the Thaumaturge (level 12, -13/81 HPs)
             Began as a High Elf Air Elementalist on Feb 6, 2017.
             Was an Elder of Vehumet.
             Mangled by a death yak (25 damage)
             ... in an ice cave on Feb 9, 2017.
             The game lasted 01:34:55 (17534 turns).

Wyndlan the Thaumaturge (HEAE)                     Turns: 17534, Time: 01:34:55

Health: -13/81     AC:  9    Str: 16    XL:     12   Next: 33%
Magic:  24/27      EV: 20    Int: 22    God:    Vehumet [****..]
Gold:   733        SH:  0    Dex: 20    Spells: 9 memorised, 3 levels left

rFire  . . .     SeeInvis .     a - +2 rapier (venom)
rCold  . . .     Gourm    .     z - +1 troll leather armour
rNeg   . . .     Faith    .     K - +0 buckler
rPois  .         Spirit   .     A - +0 helmet
rElec  .         Reflect  .     m - +0 cloak
rCorr  .         Harm     .     (no gloves)
MR     ++...                    w - +0 pair of boots
Stlth  +++.......               (no amulet)
                                J - ring of wizardry
                                E - ring of protection from magic

@: confused, mighty, agile, very slightly contaminated, hasted, very quick
A: blurry vision 1, subdued magic 1, MP-powered wands
a: Renounce Religion


You were in an ice cave.
You worshipped Vehumet.
Vehumet was greatly pleased with you.
You were not hungry.

You visited 3 branches of the dungeon, and saw 16 of its levels.
You also visited: Ice Cave.

You collected 791 gold pieces.
You spent 58 gold pieces at shops.

Inventory:

Hand Weapons
 a - a +2 rapier of venom (weapon)
Armour
 m - a +0 cloak (worn)
 w - a +0 pair of boots (worn)
 z - a +1 troll leather armour (worn)
 A - a +0 helmet (worn)
 K - a +0 buckler (worn)
Jewellery
 f - a +2 ring of protection {unknown}
 E - a ring of protection from magic (left hand)
 J - a ring of wizardry (right hand)
Wands
 b - a wand of acid (7/15)
 q - a wand of digging (14/24)
 x - a wand of lightning (10/15)
 B - a wand of disintegration (18/24)
 M - a wand of iceblast (11/15)
 N - a wand of random effects (26/48)
 X - a wand of paralysis (14/24)
Scrolls
 k - 8 scrolls of remove curse
 l - 2 scrolls of blinking
 n - 2 scrolls of recharging
 p - 4 scrolls of identify
 r - 3 scrolls of fear
 U - 3 scrolls of teleportation
Potions
 d - 2 potions of lignification
 e - a potion of might
 i - 5 potions of flight
 t - a potion of haste
 F - a potion of magic
 G - 4 potions of curing
 O - a potion of agility
Books
 h - a book of Clouds

   Spells                             Type                      Level
   a - Mephitic Cloud                 Conjuration/Poison/Air       3
   b - Conjure Flame                  Conjuration/Fire             3
   c - Poisonous Cloud                Conjuration/Poison/Air       6
   d - Freezing Cloud                 Conjuration/Ice/Air          6
   e - Ring of Flames                 Charms/Fire                  7
Miscellaneous
 g - a lamp of fire
 D - a phantom mirror
Comestibles
 c - 9 bread rations
 j - 2 chunks of flesh


   Skills:
 * Level 7.1 Fighting
 + Level 4.3 Short Blades
 + Level 3.4 Armour
 + Level 4.4 Dodging
 * Level 9.0 Stealth
 + Level 5.0 Shields
 * Level 10.4 Spellcasting
 + Level 8.5 Conjurations
 + Level 1.8 Hexes
 + Level 3.1 Charms
 * Level 3.5 Summonings
 * Level 2.4 Fire Magic
 + Level 1.3 Ice Magic
 + Level 9.9 Air Magic
 + Level 1.0 Poison Magic


You had 3 spell levels left.
You knew the following spells:

 Your Spells              Type           Power        Failure   Level  Hunger
a - Shock                 Conj/Air       ####         1%          1    None
b - Swiftness             Chrm/Air       ####....     1%          2    None
c - Static Discharge      Conj/Air       #####...     1%          3    None
d - Lightning Bolt        Conj/Air       #####.....   1%          5    ####...
e - Mephitic Cloud        Conj/Pois/Air  ####....     1%          3    None
f - Fulminant Prism       Conj/Hex       ####......   1%          4    ##.....
g - Summon Butterflies    Summ           ###.....     1%          1    None
h - Summon Ice Beast      Ice/Summ       ###.....     9%          4    ##.....
i - Fireball              Conj/Fire      ####......   2%          5    ####...


Dungeon Overview and Level Annotations

Branches:
Dungeon (11/15)            Temple (1/1) D:5            Lair (4/6) D:10
 Shoals (0/4) Lair:2       Spider (0/4) Lair:3
    Orc: D:9-12

Altars:
Ashenzari
Cheibriados
Dithmenos
Elyvilon
Fedhas
Gozag
Hepliaklqana
Kikubaaqudgha
Makhleb
Nemelex Xobeh
Okawaru
Qazlal
Ru
Sif Muna
Trog
Uskayaw
Vehumet
Xom
Yredelemnul
Zin
The Shining One
Beogh

Shops:
D:6 *   D:9 [

Annotations:
D:3 miculber's ghost, amateur FoAK


Innate Abilities, Weirdness & Mutations

Scrolls take you a little longer to read.
Your spells are a little easier to cast, but a little less powerful.
You expend magic power (3 MP) to strengthen your wands.


Message History

The polar bear claws your ice beast. x2
You feel very mighty all of a sudden.
Your ice beast hits the polar bear.
Your ice beast freezes the polar bear.
The polar bear resists.
The death yak misses you. The polar bear closely misses you.
The polar bear barely misses you. The polar bear closely misses you.
The polar bear bites your ice beast!
Your ice beast dies!
You puncture the death yak!
The death yak is heavily wounded.
You puncture the death yak!
The death yak is severely wounded.
The death yak gores you!
* * * LOW HITPOINT WARNING * * *
The polar bear bites you.
* * * LOW HITPOINT WARNING * * *
The polar bear claws you but does no damage.
The polar bear misses you.
You are confused.
You feel invigorated. The death yak gores you!!
You die...

#..#.§######.#.#
#.#..≈...##.##.## #
##)##.....##.#≈.#
.# h
##≈##.##..#.#.## #.
.. ########.#.#.##
. ...
##.####.#..#.##
.#..
#....#..###...##..#
##......## #.#Y#..#
##..###...# ###@h.#
##..## ##.## ##h##
#...####### ###
#..###.#∩#
..###....#
.†#......#
.......∩##
#...##### #####


You could see a death yak and 2 polar bears.

Vanquished Creatures
  Josephine (D:10)
  3 hill giants
  Pikel (D:6)
  An ugly thing (D:11)
  A black mamba (Lair:3)
  A siren (Lair:2)
  3 spiny frogs
  2 ice devils (D:11)
  A komodo dragon (Lair:2)
  A rime drake (Lair:1)
  A two-headed ogre (D:10)
  A polar bear (IceCv)
  A troll (D:9)
  5 hippogriffs
  10 blink frogs
  Sigmund (D:3)
  A wyvern (D:10)
  3 wraiths
  19 yaks
  3 wargs (D:10)
  Menkaure (D:7)
  3 water moccasins
  Duvessa (D:7)
  3 ice beasts
  6 porcupines
  8 orc warriors
  A phantom (D:4)
  11 wolves (IceCv)
  5 ogres
  3 centaurs
  6 crocodiles
  A big kobold (D:9)
  5 bullfrogs
  Dowan (D:7)
  3 scorpions
  An electric eel (Lair:3)
  4 wights (D:10)
  2 howler monkeys
  4 crimson imps
  3 jellies
  3 orc priests
  3 bullfrog skeletons
  2 centaur skeletons
  6 hounds
  An iguana (D:7)
  5 orc wizards
  5 worker ants
  3 hound skeletons (D:9)
  A hound zombie (D:10)
  A howler monkey skeleton (D:4)
  2 howler monkey zombies (D:6)
  A worker ant zombie (D:5)
  4 gnolls (D:10)
  11 adders
  An ooze (D:5)
  2 adder zombies
  An adder skeleton (D:4)
  A worm (D:4)
  4 dart slugs
  4 leopard geckos
  48 orcs
  A ball python (D:4)
  7 bats
  6 giant cockroaches
  2 goblins
  3 hobgoblins
  20 jackals
  8 kobolds
  4 quokkas
  13 frilled lizards
  2 quokka zombies
  6 rats
  A spectral orc (D:5)
  A fulminant prism (D:10)
315 creatures vanquished.

Vanquished Creatures (collateral kills)
  An eye of draining (D:11)
1 creature vanquished.

Vanquished Creatures (others)
  A polar bear (IceCv)
  A yak (IceCv)
  An orc warrior (D:9)
  An eye of draining (D:9)
  5 wolves (IceCv)
  2 orc wizards (D:9)
  14 fulminant prisms
  2 fungi
  A plant (Lair:3)
  9 toadstools (Lair:3)
37 creatures vanquished.

Grand Total: 353 creatures vanquished

Notes
Turn   | Place    | Note
-------+----------+-------------------------------------------
     0 | D:1      | Wyndlan the High Elf Air Elementalist began the quest for the Orb.
     0 | D:1      | Reached XP level 1. HP: 11/11 MP: 4/4
   142 | D:1      | You fall through a shaft!
   282 | D:2      | Reached XP level 2. HP: 17/17 MP: 2/6
   286 | D:2      | Learned a level 2 spell: Swiftness
   395 | D:2      | Found a snail-covered altar of Cheibriados.
   567 | D:2      | Found a burning altar of Makhleb.
  1047 | D:1      | Reached skill level 1 in Charms
  1239 | D:1      | Reached XP level 3. HP: 16/21 MP: 2/7
  1762 | D:2      | Learned a level 3 spell: Static Discharge
  1776 | D:3      | Noticed miculber's ghost (amateur FoAK)
  1782 | D:3      | Noticed Sigmund
  1902 | D:3      | Found a bloodstained altar of Trog.
  2117 | D:4      | Reached skill level 1 in Short Blades
  2117 | D:4      | Reached XP level 4. HP: 20/27 MP: 3/9
  2179 | D:4      | Noticed an ogre
  2320 | D:3      | Noticed a dagger
  2321 | D:3      | Noticed a hand axe
  2322 | D:3      | Found a hide-covered altar of Uskayaw.
  2848 | D:4      | Noticed a phantom
  2870 | D:4      | Killed a phantom
  2870 | D:4      | Reached skill level 3 in Spellcasting
  2870 | D:4      | Reached XP level 5. HP: 30/31 MP: 1/10
  3269 | D:4      | Noticed an ogre
  3269 | D:4      | Noticed an ogre
  3337 | D:4      | Killed an ogre
  3337 | D:4      | Reached skill level 5 in Air Magic
  3337 | D:4      | Reached XP level 6. HP: 28/36 MP: 0/12
  3441 | D:4      | HP: 1/36 [ogre/giant spiked club (31)]
  3465 | D:4      | Reached skill level 1 in Armour
  3995 | D:4      | Noticed an orc warrior
  4070 | D:4      | Killed an orc warrior
  4070 | D:4      | Reached skill level 4 in Spellcasting
  4070 | D:4      | Reached XP level 7. HP: 32/41 MP: 3/14
  4313 | D:4      | Reached skill level 1 in Fighting
  4415 | D:5      | Entered Level 5 of the Dungeon
  4480 | D:5      | Found a staircase to the Ecumenical Temple.
  4489 | Temple   | Entered the Ecumenical Temple
  4640 | Temple   | Became a worshipper of Vehumet
  5423 | D:5      | Found a basalt altar of Yredelemnul.
  5694 | D:6      | Reached * piety under Vehumet
  5694 | D:6      | Offered knowledge of Sting by Vehumet.
  5732 | D:6      | Found Resada's General Store.
  5736 | D:6      | Bought a +0 buckler for 58 gold pieces
  5811 | D:6      | Found a blossoming altar of Fedhas.
  5817 | D:6      | Found a stormy altar of Qazlal.
  5955 | D:6      | Reached XP level 8. HP: 49/49 MP: 11/16
  6352 | D:6      | Noticed Pikel
  6357 | D:6      | Killed Pikel
  6357 | D:6      | Reached skill level 5 in Stealth
  6357 | D:6      | Reached skill level 1 in Shields
  6357 | D:6      | Reached skill level 5 in Spellcasting
  6364 | D:6      | Found a glowing silver altar of Zin.
  6836 | D:3      | Killed Sigmund
  7261 | D:7      | Noticed Dowan
  7264 | D:7      | Noticed Duvessa
  7270 | D:7      | Killed Dowan
  7270 | D:7      | Reached skill level 5 in Conjurations
  7272 | D:7      | Killed Duvessa
  7272 | D:7      | Reached XP level 9. HP: 47/55 MP: 5/18
  7789 | D:7      | Reached skill level 6 in Spellcasting
  7961 | D:7      | Got a blackened spear
  7962 | D:7      | Identified the +5 spear "Cookie Cutter" {pierce, rElec Int-5 SInv} (You found it on level 7 of the Dungeon)
  8193 | D:7      | Noticed Menkaure
  8212 | D:7      | Killed Menkaure
  9157 | D:8      | Learned a level 5 spell: Lightning Bolt
  9875 | D:9      | Noticed a troll
  9938 | D:9      | Found Funainn's Armour Shop.
 10124 | D:9      | Reached skill level 7 in Spellcasting
 10224 | D:9      | Reached ** piety under Vehumet
 10224 | D:9      | Offered knowledge of Sandblast by Vehumet.
 10229 | D:9      | Found a shimmering altar of Xom.
 10392 | D:9      | Killed a troll
 10573 | D:9      | Reached XP level 10. HP: 61/65 MP: 2/21
 11064 | D:9      | Found a roughly hewn altar of Beogh.
 11076 | D:9      | Offered knowledge of Throw Frost by Vehumet.
 11131 | D:9      | Learned a level 3 spell: Mephitic Cloud
 11527 | D:10     | Entered Level 10 of the Dungeon
 11610 | D:10     | Noticed a hill giant
 11710 | D:10     | Noticed a hill giant
 11712 | D:10     | Reached skill level 5 in Fighting
 11846 | D:10     | Noticed Josephine
 11849 | D:10     | Killed Josephine
 11849 | D:10     | Reached *** piety under Vehumet
 12366 | D:10     | Offered knowledge of Fulminant Prism by Vehumet.
 12371 | D:10     | Reached skill level 8 in Spellcasting
 12379 | D:9      | Learned a level 4 spell: Fulminant Prism
 12746 | D:10     | Killed a hill giant
 12952 | D:10     | Found a staircase to the Lair.
 13125 | D:10     | Killed a hill giant
 13125 | D:10     | Reached XP level 11. HP: 59/72 MP: 1/24
 13243 | Lair:1   | Entered Level 1 of the Lair of Beasts
 13262 | Lair:1   | Learned a level 1 spell: Summon Butterflies
 13267 | Lair:1   | Learned a level 4 spell: Summon Ice Beast
 13344 | Lair:1   | Reached skill level 1 in Hexes
 13369 | Lair:1   | Reached skill level 1 in Poison Magic
 13371 | Lair:1   | Reached **** piety under Vehumet
 13674 | Lair:1   | Noticed a six-headed hydra
 13692 | Lair:1   | Reached skill level 1 in Summonings
 13692 | Lair:1   | Reached skill level 1 in Ice Magic
 14016 | Lair:1   | Identified a scroll of acquirement
 14048 | Lair:1   | Gained mutation: Your spells are a little easier to cast, but a little less powerful. [potion of mutation]
 14048 | Lair:1   | Gained mutation: You expend magic power (3 MP) to strengthen your wands. [potion of mutation]
 14048 | Lair:1   | Gained mutation: Scrolls take you a little longer to read. [potion of mutation]
 14158 | Lair:2   | Reached skill level 9 in Spellcasting
 14920 | Lair:2   | Reached skill level 5 in Shields
 15004 | Lair:2   | Learned a level 5 spell: Fireball
 15072 | Lair:2   | Found a staircase to the Shoals.
 15439 | Lair:3   | Reached skill level 1 in Fire Magic
 15579 | Lair:3   | Found a deep blue altar of Sif Muna.
 15693 | Lair:3   | Found a hole to the Spider Nest.
 16086 | Lair:3   | Offered knowledge of Olgreb's Toxic Radiance by Vehumet.
 16086 | Lair:3   | Reached XP level 12. HP: 39/80 MP: 19/26
 16293 | Lair:3   | Noticed a six-headed hydra
 16453 | D:11     | Reached skill level 10 in Spellcasting
 16560 | D:11     | Noticed a six-headed hydra
 16660 | D:11     | Found a shattered altar of Ashenzari.
 16695 | D:11     | Found a frozen archway.
 16705 | D:11     | HP: 1/80 [ice devil (20)]
 16888 | IceCv    | Entered an ice cave
 17492 | IceCv    | Noticed a death yak
 17534 | IceCv    | Mangled by a death yak

Skill      XL: |  1  2  3  4  5  6  7  8  9 10 11 12 |
---------------+-------------------------------------+-----
Air Magic      | 4 5 6 7 8 9 |  9.9
Charms         | 1 2 3 |  3.1
Short Blades   | 1 2 3 4 |  4.3
Stealth        | 3 4 5 6 7 8 9 |  9.0
Spellcasting   | 3 4 5 7 8 9 10 | 10.4
Conjurations   | 2 3 5 7 8 |  8.5
Armour         | 1 2 3 |  3.4
Fighting       | 1 2 4 5 6 7 |  7.1
Shields        | 2 3 4 5 |  5.0
Dodging        | 3 4 |  4.4
Hexes          | 1 |  1.8
Poison Magic   | 1 |  1.0
Summonings     | 2 3 |  3.5
Ice Magic      | 1 |  1.3
Fire Magic     | 1 2 |  2.4

Action                   |  1- 3 |  4- 6 |  7- 9 | 10-12 || total
-------------------------+-------+-------+-------+-------++-------
Melee: Dagger            |     9 |    11 |       |       ||    20
       Mace              |       |       |    28 |    40 ||    68
       Rapier            |       |       |       |   140 ||   140
 Cast: Shock             |    83 |    83 |   223 |   264 ||   653
       Static Discharge  |       |     9 |    58 |   147 ||   214
       Lightning Bolt    |       |       |     9 |    17 ||    26
       Fulminant Prism   |       |       |       |    15 ||    15
       Fireball          |       |       |       |     9 ||     9
       Summon Ice Beast  |       |       |       |     6 ||     6
       Mephitic Cloud    |       |       |       |     1 ||     1
Evoke: Wand              |       |       |       |     2 ||     2
  Use: Scroll            |       |     5 |     3 |    20 ||    28
       Potion            |       |       |     1 |    14 ||    15
 Stab: Sleeping          |       |       |       |     2 ||     2
       Distracted        |       |       |       |     1 ||     1
  Eat: Chunk             |     4 |     6 |    20 |    26 ||    56
       Fruit             |       |       |     1 |     4 ||     5
       Royal jelly       |       |       |     1 |       ||     1
       Pizza             |       |       |     1 |       ||     1
Armor: Robe              |     2 |       |       |       ||     2
       Leather armour    |       |     2 |    24 |       ||    26
       Troll leather arm |       |       |     6 |    67 ||    73
       Skin              |       |       |       |    24 ||    24
Dodge: Dodged            |    14 |    17 |    59 |   174 ||   264
Block: Buckler           |       |       |    13 |    66 ||    79
